 Dungeon Crawl Stone Soup version 0.29.1-15-g9cfb28693d (webtiles) character file.

Game seed: 4148570912407156968

917 protoss039 the Digger (level 7, -1/53 HPs)
             Began as a Demonspawn Earth Elementalist on Mar 1, 2023.
             Slain by a steam dragon (10 damage)
             ... on level 6 of the Dungeon.
             The game lasted 00:17:04 (6102 turns).

protoss039 the Digger (DsEE)                        Turns: 6102, Time: 00:17:05

Health: -1/53      AC:  5    Str: 14    XL:     7   Next: 83%
Magic:  1/13       EV: 13    Int: 18    God:
Gold:   171        SH:  5    Dex: 14    Spells: 8/14 levels left

rFire   x . .      SeeInvis .   a - +0 sling (freeze)
rCold   + . .      Faith    .   (no shield)
rNeg    . . .      Spirit   .   m - +0 robe
rPois   .          Reflect  +   h - +0 helmet
rElec   .          Harm     .   (no cloak)
rCorr   .          Rampage  .   (no gloves)
Will    .....                   (no boots)
Stlth   ++........              o - amulet of reflection
HPRegen 0.17/turn               e - ring of ice
MPRegen 0.13/turn               t - +6 ring of strength

@: very slightly contaminated
A: claws 2, yellow scales 1, powered by death 1
a: no special abilities


You were on level 6 of the Dungeon.
You visited 1 branch of the dungeon, and saw 6 of its levels.
You also visited: Sewer and Ossuary.

You collected 303 gold pieces.
You spent 132 gold pieces at shops.

Inventory:

Hand Weapons
 a - a +0 sling of freezing (weapon)
 i - a +0 mace of protection
 w - a +2 dagger of venom
Armour
 h - a +0 helmet (worn)
 m - a +0 robe (worn)
Jewellery
 e - a ring of ice (left claw)
 o - an amulet of reflection (around neck)
 t - a +6 ring of strength (right claw)
 C - a ring of resist corrosion
Wands
 u - a wand of charming (1)
 D - a wand of light (10)
Scrolls
 b - a scroll of fear {unknown}
 l - a scroll of enchant armour {unknown}
 p - a scroll of blinking
 r - a scroll of enchant weapon {unknown}
 v - a scroll of identify {unknown}
 y - a scroll of summoning {unknown}
 A - 2 scrolls of amnesia {unknown}
Potions
 c - 2 potions of resistance {unknown}
 d - 2 potions of haste {unknown}
 f - 3 potions of mutation
 g - a potion of berserk rage {unknown}
 j - 3 potions of heal wounds {unknown}
 k - 4 potions of curing
 q - 5 potions of ambrosia {unknown}
 s - 2 potions of degeneration {unknown}
 x - 2 potions of flight {unknown}
 z - a potion of brilliance {unknown}
 B - a potion of might {unknown}


   Skills:
 + Level 3.9 Fighting
 - Level 3.0 Dodging
 - Level 3.0 Stealth
 + Level 4.2 Spellcasting
 + Level 3.3 Conjurations
 - Level 0.8 Transmutations
 + Level 4.7 Earth Magic


You had 8 spell levels left.
You knew the following spells:

 Your Spells              Type           Power      Damage    Failure   Level
a - Sandblast             Erth           40%        2d10      1%          1
b - Passwall              Tmut/Erth      10%        N/A       7%          2
c - Stone Arrow           Conj/Erth      36%        3d9       9%          3

Your spell library contained the following spells:

 Spells                   Type           Power      Damage    Failure   Level
 Shock                    Conj/Air       36%        1d5       8%          1
 Gell's Gravitas          Tloc           3%         N/A       41%         3
 Lesser Beckoning         Tloc           3%         N/A       41%         3
 Swiftness                Air            3%         N/A       41%         3
 Teleport Other           Tloc           3%         N/A       41%         3
 Petrify                  Tmut/Erth      13%        N/A       41%         4
 Iskenderun's Battlesphe  Conj           15%        2d7       71%         5
 Airstrike                Air            1%         2d(1-17)  82%         4
 Borgnjor's Vile Clutch   Necr/Erth      6%         N/A       83%         5
 Fireball                 Conj/Fire      4%         3d4       90%         5
 Alistair's Intoxication  Tmut/Pois      3%         N/A       97%         5
 Conjure Ball Lightning   Conj/Air       4%         3x3d6     100%        6
 Eringya's Noxious Bog    Tmut/Pois      2%         N/A       100%        6
 Orb of Destruction       Conj           7%         9d6       100%        7


Dungeon Overview and Level Annotations

Branches:
Dungeon (6/15) Zot: 26938   Sewer (visited)         Ossuary (visited)
 Temple: D:4-7

Altars:

Shops:
D:1 *!**   D:3 *

Annotations:
D:4 exclusion: centaur


Innate Abilities, Weirdness & Mutations

You have very sharp fingernails.
You are partially covered in yellow scales. (AC +2)
You regenerate a little health from kills.


Message History

Unknown command.
Casting: Sandblast (safe; 1% risk of failure)
Confirm with . or Enter, or press ? or * to list all spells.
Aiming: Stone Arrow (dangerous; 9% risk of failure)
Press: ? - help, Shift-Dir - straight line, f - steam dragon
Aim: a steam dragon (grey smoke, 68% to hit)
The stone arrow hits the steam dragon!
The steam dragon is moderately wounded.
The steam dragon breathes steam at you. The ball of steam hits you!!
The steam scalds you terribly!
* * * LOW HITPOINT WARNING * * *
You hear a shout!
Unknown command.
Okay, then.
Blink to where?
Press: ? - help, Dir - move target, f - you, p - steam dragon
Okay, then.
Casting: Stone Arrow (dangerous; 9% risk of failure)
Confirm with . or Enter, or press ? or * to list all spells.
Aiming: Stone Arrow (dangerous; 9% risk of failure)
Press: ? - help, Shift-Dir - straight line, f/p - steam dragon
Aim: a steam dragon (grey smoke, moderately wounded, catching its breath, 68% to hit)
You miscast Stone Arrow.
Nothing appears to happen.
You block the steam dragon's attack.
The steam dragon claws you but does no damage.
Unknown command.
Casting: Stone Arrow (dangerous; 9% risk of failure)
Confirm with . or Enter, or press ? or * to list all spells.
Aiming: Stone Arrow (dangerous; 9% risk of failure)
Press: ? - help, Shift-Dir - straight line, f/p - steam dragon
Aim: a steam dragon (grey smoke, moderately wounded, catching its breath, 68% to hit)
Okay, then.
Casting: Stone Arrow (dangerous; 9% risk of failure)
Confirm with . or Enter, or press ? or * to list all spells.
Aiming: Stone Arrow (dangerous; 9% risk of failure)
Press: ? - help, Shift-Dir - straight line, f/p - steam dragon
Aim: a steam dragon (grey smoke, moderately wounded, catching its breath, 68% to hit)
The stone arrow misses the steam dragon.
The steam dragon bites you!
You die...

#######
#............
#...............
#........[......
##..............
#..............
#....§§........
#....§§§§......
#....§§§D§.....
#....§§@§§§....
#....§§§§§§.#..
#######§§.#.#
#.#.# # ..#...
.#..... . . ....
.. #.....


You could see a steam dragon (catching breath).

Vanquished Creatures
  Grinder (D:5)
  A centaur (D:6)
  2 kobold brigands (Sewer)
  2 elf skeletons (D:4)
  An orc priest (D:5)
  A jelly (D:5)
  2 iguanas (D:5)
  A human skeleton (D:4)
  An orc wizard (D:5)
  A mummy (Ossuary)
  9 adders
  2 river rats (Sewer)
  2 worms
  3 dart slugs
  10 orcs
  7 endoplasms
  3 giant cockroaches
  3 goblins
  3 hobgoblins
  6 jackals
  9 quokkas
  5 ball pythons
  6 bats
  3 frilled lizards (Sewer)
  8 gnoll skeletons (Ossuary)
  9 kobolds
  4 kobold skeletons (Ossuary)
  15 orc skeletons
  An orc zombie (D:4)
  9 rats
130 creatures vanquished.

Vanquished Creatures (others)
  A bullfrog (D:6)
  23 plants
24 creatures vanquished.

Grand Total: 154 creatures vanquished

Notes
Turn   | Place    | Note
-------+----------+-------------------------------------------
     0 | D:1      | protoss039 the Demonspawn Earth Elementalist began the
                  | quest for the Orb.
     0 | D:1      | Reached XP level 1. HP: 13/13 MP: 3/3
   259 | D:1      | Gained mutation: You are partially covered in yellow
                  | scales. (AC +2) [demonic ancestry]
   259 | D:1      | Reached XP level 2. HP: 14/20 MP: 0/5
   393 | D:1      | Found Tourorghi's Distillery.
   416 | D:1      | Found a faded altar of an unknown god.
   483 | D:1      | Reached skill level 1 in Fighting
   552 | D:1      | Found Gueqoried's Assorted Antiques.
   819 | D:1      | Found Yteh's Assorted Antiques.
   886 | D:1      | Learned a level 2 spell: Passwall
   894 | D:2      | Gained mutation: You regenerate a little health from kills.
                  | [demonic ancestry]
   894 | D:2      | Reached XP level 3. HP: 26/26 MP: 3/6
  2005 | D:2      | Learned a level 3 spell: Stone Arrow
  2006 | D:3      | Found Eptesoa's Assorted Antiques.
  2634 | D:1      | Bought a potion of curing for 33 gold pieces
  2634 | D:1      | Bought a potion of lignification for 33 gold pieces
  2634 | D:1      | Bought a potion of curing for 33 gold pieces
  2634 | D:1      | Bought a potion of curing for 33 gold pieces
  2723 | D:4      | Noticed a centaur
  2795 | D:4      | Reached XP level 4. HP: 33/33 MP: 8/8
  2957 | D:4      | Found a sand-covered staircase.
  2978 | D:4      | Gained mutation: You have sharp fingernails. [demonic
                  | ancestry]
  2978 | D:4      | Reached XP level 5. HP: 30/38 MP: 0/9
  3045 | D:4      | Reached skill level 1 in Conjurations
  3079 | Ossuary  | Entered an ossuary
  3079 | Ossuary  | Noticed a wraith
  3079 | Ossuary  | Noticed a wraith
  3079 | Ossuary  | Noticed a wraith
  3397 | Ossuary  | Noticed a wraith
  3437 | Ossuary  | Gained mutation: You have supernaturally acute eyesight.
                  | (SInv) [potion of mutation]
  3437 | Ossuary  | Lost mutation: You have supernaturally acute eyesight.
                  | (SInv) [potion of mutation]
  3771 | D:4      | Reached XP level 6. HP: 46/46 MP: 6/10
  3983 | D:5      | Entered Level 5 of the Dungeon
  4260 | D:5      | Found a glowing drain.
  4287 | Sewer    | Entered a sewer
  4868 | Sewer    | Gained mutation: You have very sharp fingernails. [demonic
                  | ancestry]
  4868 | Sewer    | Reached XP level 7. HP: 40/52 MP: 9/12
  5620 | D:5      | Noticed Grinder
  5699 | D:5      | Paralysed by Grinder for 5 turns
  5714 | D:5      | Killed Grinder
  6091 | D:6      | Noticed a steam dragon
  6102 | D:6      | Slain by a steam dragon

Illustrated notes

Levels and vault maps discovered:
D:1:      dpeg_arrival_pits, layout_rooms,
          hellmonk_ecumenical_altar_slurped_away, serial_shops, shop, shop,
          nicolae_diamond_shop, shop, solitary_fountain
D:2:      layout_basic, st_stairs_5, chequers_big_river, hangedman_decor_push
D:3:      layout_basic, serial_shops, shop
D:4:      layout_rooms, nicolae_ossuary_entry_catacombs
D:5:      layout_basic, portal_sewer_entry_f, uniq_grinder
D:6:      layout_rooms, marbit_many_paths, minmay_temple_entry_offerings,
          minmay_fountain_box

Skill      XL: |  1  2  3  4  5  6  7 |
---------------+----------------------+-----
Fighting       | 1 2 3 |  3.9
Earth Magic    | 3 4 |  4.7
Dodging        | 2 3 |  3.0
Stealth        | 2 3 |  3.0
Spellcasting   | 3 4 |  4.2
Conjurations   | 1 2 3 |  3.3
Transmutations | |  0.8

Action                   |  1- 3 |  4- 6 |  7- 9 || total
-------------------------+-------+-------+-------++-------
Melee: Unarmed           |     6 |       |       ||     6
       Short sword       |     5 |       |       ||     5
       Dagger            |       |    19 |     8 ||    27
       Sling             |       |     7 |       ||     7
       Mace              |       |     3 |       ||     3
       Punch             |       |       |     1 ||     1
 Fire: Sling             |    16 |   146 |    19 ||   181
 Cast: Sandblast         |    44 |   118 |     7 ||   169
       Stone Arrow       |       |     2 |     9 ||    11
Evoke: Wand              |       |       |     5 ||     5
  Use: Potion            |       |     7 |     1 ||     8
       Scroll            |       |     5 |     2 ||     7
 Stab: Sleeping          |     2 |       |       ||     2
Armor: Robe              |     7 |    43 |    10 ||    60
       Skin              |       |    22 |       ||    22
Dodge: Dodged            |    19 |   112 |     9 ||   140
Block: Other             |       |    47 |     3 ||    50
